[Event "Slovakia Chess Open 2024"]
[Site "Modra"]
[Date "2024.03.05"]
[Round "9.4"]
[White "Banas, Kamil"]
[Black "Galla, Richard"]
[Result "1/2-1/2"]
[ECO "C63"]
[WhiteElo "2162"]
[BlackElo "1975"]
[Annotator "RC"]
[PlyCount "90"]
[EventDate "2024.02.29"]
[EventType "swiss"]
[EventCountry "SVK"]
[SourceTitle "playchess.com"]
[Source "ChessBase"]
[SourceQuality "1"]
[TimeControl "5400+30"]

1. e4 e5 2. Nf3 Nc6 3. Bb5 f5 4. d3 fxe4 5. dxe4 Nf6 6. O-O d6 7. Nc3 Be7 8. Qe2 O-O 9. Bxc6 bxc6 10. Qc4+ Kh8 11. Qxc6 Rb8 12. Qa4 Bg4 13. Ne1 Nh5 14. f3 Be6 15. Nd3 c5 16. Nd5 Bg5 17. c4 Bxc1 18. Raxc1 Qg5 19. Qc2 Bxd5 20. exd5 Nf4 21. b3 Nxd3 22. Qxd3 Kg8 23. Rc2 Rb7 24. Re2 Rf4 25. Qc3 Qd8 26. Re4 Rxe4 27. fxe4 Rf7 28. Rxf7 Kxf7 29. Qf3+ Kg8 30. Qf5 h6 31. g3 Qa5 32. Qf2 Qc3 33. Qe2 Qc1+ 34. Kg2 Qg5 35. h4 Qc1 36. Kh3 h5 37. Kg2 Qh6 38. Qe1 Kh7 39. a3 a5 40. Kh3 Kh8 41. Kh2 Kh7 42. Kg2 Kg8 43. Kh3 Kh7 44. Kh2 Kh8 45. Kg2 Kh7 1/2-1/2

[Event "Slovakia Chess Open 2024"]
[Site "Modra"]
[Date "2024.03.05"]
[Round "9.5"]
[White "Mruskovic, Radoslav"]
[Black "Novomeska, Karin"]
[Result "1-0"]
[ECO "D91"]
[WhiteElo "1933"]
[BlackElo "1929"]
[Annotator "NA RC"]
[PlyCount "93"]
[EventDate "2024.02.29"]
[EventType "swiss"]
[EventCountry "SVK"]
[SourceTitle "playchess.com"]
[Source "ChessBase"]
[SourceQuality "1"]
[TimeControl "5400+30"]

1. d4 d5 2. c4 c6 3. Nf3 Nf6 4. Nc3 g6 5. Bg5 Bg7 6. e3 O-O 7. Rc1 dxc4 8. Bxc4 b5 9. Bd3 Qb6 10. b4 a5 11. a3 axb4 12. axb4 Na6 13. Rb1 Nc7 14. Bxf6 Bxf6 15. Ne4 Bg7 $11 16. Qc2 Nd5 17. O-O Re8 18. Rfc1 Bb7 19. Nc5 Ra3 20. e4 Nf4 21. Bf1 Rc8 22. Rb3 Rxb3 23. Qxb3 Qc7 24. g3 Rd8 25. Nxb7 Qxb7 26. gxf4 Qd7 27. Ne5 Bxe5 28. dxe5 Qd4 29. Bg2 Qd2 30. Qc3 Qxf4 31. Qxc6 Qxe5 32. Qc5 Qf4 33. Rf1 Qf6 34. Qxb5 h5 35. Qc5 Rb8 36. e5 Qe6 37. b5 Rc8 38. Qe3 Rb8 39. Rb1 Qf5 40. Qe4 Qd7 41. b6 Kg7 42. e6 Qd6 43. exf7 Rxb6 44. Rxb6 Qxb6 45. Qxe7 Qb1+ 46. Bf1 Qf5 47. f8=Q# 1-0

[Event "Slovakia Chess Open 2024"]
[Site "Modra"]
[Date "2024.03.05"]
[Round "9.6"]
[White "Loffay, Pavol"]
[Black "Oruzinsky, Juraj"]
[Result "1/2-1/2"]
[ECO "A07"]
[WhiteElo "1753"]
[BlackElo "2160"]
[Annotator "RC"]
[PlyCount "87"]
[EventDate "2024.02.29"]
[EventType "swiss"]
[EventCountry "SVK"]
[SourceTitle "playchess.com"]
[Source "ChessBase"]
[SourceQuality "1"]
[TimeControl "5400+30"]

1. Nf3 Nf6 2. d3 d5 3. g3 Bg4 4. Bg2 c6 5. Bg5 Nbd7 6. c3 e5 7. Nbd2 h6 8. Bxf6 Qxf6 9. Qc2 Bc5 10. b4 Bb6 11. O-O O-O 12. c4 dxc4 13. Qxc4 Be6 14. Qc3 Bd5 15. Nb3 Qe7 16. Nfd2 Bxg2 17. Kxg2 Nf6 18. a3 Nd5 19. Qb2 Rae8 20. Nc4 e4 21. Nxb6 axb6 22. Rae1 exd3 23. exd3 Qxe1 24. Rxe1 Rxe1 25. Qd2 Rfe8 26. Nc1 R1e7 27. h4 b5 28. d4 Ra8 29. Ne2 Rxa3 30. Nf4 Nxf4+ 31. Qxf4 Rd7 32. Qb8+ Kh7 33. Qe8 Rxd4 34. Qxf7 Rd5 35. Qxb7 Rc3 36. Qf7 Rc4 37. h5 Rd8 38. Qe7 Rcd4 39. f4 Kh8 40. f5 R4d7 41. Qe6 Rd6 42. Qe7 Kg8 43. f6 gxf6 44. Qe4 1/2-1/2

[Event "Slovakia Chess Open 2024"]
[Site "Modra"]
[Date "2024.03.05"]
[Round "9.7"]
[White "Bucor, Mark"]
[Black "Smetana, Peter"]
[Result "0-1"]
[ECO "A58"]
[WhiteElo "1852"]
[BlackElo "1993"]
[Annotator "NA RC"]
[PlyCount "90"]
[EventDate "2024.02.29"]
[EventType "swiss"]
[EventCountry "SVK"]
[SourceTitle "playchess.com"]
[Source "ChessBase"]
[SourceQuality "1"]
[TimeControl "5400+30"]

1. d4 Nf6 2. c4 c5 3. d5 b5 4. cxb5 a6 5. bxa6 g6 6. Nc3 {[%emt 0:00:12] A58: Benko/Volga Gambit: Lines with 5 bxa6.} Bg7 7. e4 O-O 8. Nf3 Qa5 9. a7 Nxe4 10. axb8=Q Rxb8 11. Qc2 Nxc3 12. Bd2 Qa4 13. b3 Qe4+ 14. Qxe4 Nxe4 15. Rc1 d6 16. Bc4 Bg4 17. h3 Bxf3 18. gxf3 Nxd2 19. Kxd2 Bh6+ 20. Kc3 Bxc1 21. Rxc1 Ra8 22. a4 Rfb8 23. Bb5 Kg7 24. Kc4 Kf6 25. Ra1 Ra5 26. b4 cxb4 27. Rb1 Rba8 28. Kxb4 $19 R5a7 29. Ra1 Rb8 30. Kc4 Ra5 31. Re1 Ra7 32. Ra1 Rc7+ 33. Bc6 Rb2 34. a5 Ra7 35. a6 Rb6 36. Bb5 Rc7+ 37. Kb4 Rc5 38. Ra5 Rcxb5+ 39. Rxb5 Rxa6 40. Kb3 Ra1 41. Kc3 Rh1 42. Kd3 Rxh3 43. Ke3 h5 44. Rb4 Rh1 45. f4 Rd1 0-1

[Event "Slovakia Chess Open 2024"]
[Site "Modra"]
[Date "2024.03.05"]
[Round "9.8"]
[White "Kukla, Tomas"]
[Black "Palka, Miroslav"]
[Result "1-0"]
[ECO "E87"]
[WhiteElo "1864"]
[BlackElo "1780"]
[Annotator "NA RC"]
[PlyCount "36"]
[EventDate "2024.02.29"]
[EventType "swiss"]
[EventCountry "SVK"]
[SourceTitle "playchess.com"]
[Source "ChessBase"]
[SourceQuality "1"]
[TimeControl "5400+30"]

1. d4 Nf6 2. c4 d6 3. Nc3 g6 4. e4 Bg7 5. f3 O-O 6. Be3 Nbd7 7. Qd2 e5 8. d5 a6 9. Bd3 Re8 10. Nge2 Nf8 11. Bh6 Bh8 12. Ng3 Bd7 13. O-O c5 14. Rab1 Qc7 15. Kh1 a5 16. Nb5 Qb6 17. Na3 Reb8 18. Rfc1 Ne8 1-0

[Event "Slovakia Chess Open 2024"]
[Site "Modra"]
[Date "2024.03.05"]
[Round "9.9"]
[White "Hitka, Dominik"]
[Black "Hasala, Richard"]
[Result "1-0"]
[ECO "A07"]
[WhiteElo "1709"]
[BlackElo "1935"]
[Annotator "NA RC"]
[PlyCount "129"]
[EventDate "2024.02.29"]
[EventType "swiss"]
[EventCountry "SVK"]
[SourceTitle "playchess.com"]
[Source "ChessBase"]
[SourceQuality "1"]
[TimeControl "5400+30"]

1. d3 e5 2. Nf3 Nc6 3. g3 d5 4. Bg2 Nf6 5. O-O Be7 6. c3 O-O 7. Qc2 h6 8. e4 Be6 9. Re1 dxe4 10. dxe4 Qc8 11. Nbd2 a5 12. Nf1 Rd8 13. Be3 b6 14. N3d2 Ng4 (14... a4 $15) 15. a4 h5 16. h4 Qa6 17. Bf3 $11 Kh7 18. Be2 Qc8 19. Bb5 Qb7 20. Nf3 f6 21. Rad1 Na7 22. Be2 Nc8 23. Rxd8 Bxd8 24. Bc1 Nd6 25. N3h2 Nxh2 26. Nxh2 g6 27. Qd1 Nf7 28. g4 hxg4 29. Bxg4 f5 30. exf5 gxf5 31. Bxf5+ Bxf5 32. Qh5+ Kg7 33. Qxf5 Be7 34. Bg5 Bxg5 35. hxg5 Qc6 36. Nf3 Re8 37. Nxe5 Qd5 38. Qf6+ Kg8 39. f4 Qc5+ 40. Kf1 Nxe5 41. Rxe5 Qc4+ 42. Kf2 Rxe5 43. Qxe5 Qxa4 44. Qe6+ Kh7 45. Qf7+ Kh8 46. Qf5 Qb3 47. g6 Qxb2+ 48. Kg3 Qxc3+ 49. Kg4 Qg7 50. Qh5+ Kg8 51. Qd5+ Kh8 52. Qd8+ Qg8 53. Qf6+ Qg7 54. Kg5 Kg8 55. Qxg7+ Kxg7 56. f5 a4 57. f6+ Kg8 58. Kh6 b5 59. f7+ Kf8 60. Kh7 c6 61. g7+ Kxf7 62. g8=Q+ Ke7 63. Qg7+ Ke6 64. Qc3 Kd5 65. Qb4 1-0

[Event "Slovakia Chess Open 2024"]
[Site "Modra"]
[Date "2024.03.05"]
[Round "9.10"]
[White "Petrik, Matus"]
[Black "Fratric, Jakub"]
[Result "1/2-1/2"]
[ECO "B23"]
[WhiteElo "1812"]
[BlackElo "1750"]
[Annotator "NA RC"]
[PlyCount "27"]
[EventDate "2024.02.29"]
[EventType "swiss"]
[EventCountry "SVK"]
[SourceTitle "playchess.com"]
[Source "ChessBase"]
[SourceQuality "1"]
[TimeControl "5400+30"]

1. e4 c5 2. Nc3 e6 3. g3 Nc6 4. Bg2 Nge7 5. f4 Nd4 6. Nf3 Nec6 7. O-O Be7 8. d3 d6 9. b3 Bd7 10. Bb2 O-O 11. Ne2 Bf6 12. Nexd4 cxd4 13. Qe2 Qb6 14. Kh1 1/2-1/2

[Event "Slovakia Chess Open 2024"]
[Site "Modra"]
[Date "2024.03.05"]
[Round "9.11"]
[White "Visvader, Kristof"]
[Black "Nosal, Tobias"]
[Result "1/2-1/2"]
[ECO "C02"]
[WhiteElo "1696"]
[BlackElo "1773"]
[Annotator "NA RC"]
[PlyCount "58"]
[EventDate "2024.02.29"]
[EventType "swiss"]
[EventCountry "SVK"]
[SourceTitle "playchess.com"]
[Source "ChessBase"]
[SourceQuality "1"]
[TimeControl "5400+30"]

1. e4 e6 2. d4 d5 3. e5 c5 4. c3 Nc6 5. Nf3 Qb6 6. a3 Nh6 7. b4 cxd4 8. cxd4 Nf5 9. Bb2 Bd7 10. Be2 Be7 11. O-O h5 12. Qd3 g5 13. Rd1 g4 14. Ne1 Rc8 15. Nc2 f6 16. b5 Na5 17. exf6 Bxf6 18. a4 Nc4 19. Bc3 Qc7 20. Ne3 Ncd6 21. Bb2 Qd8 22. Nd2 Qe7 23. Ndf1 Qg7 24. Nxf5 Nxf5 25. Ne3 Nxe3 26. fxe3 O-O 27. Rac1 Rfd8 28. Rxc8 Rxc8 29. Rc1 Rxc1+ 1/2-1/2

[Event "Slovakia Chess Open 2024"]
[Site "Modra"]
[Date "2024.03.05"]
[Round "9.12"]
[White "Gonda, Jan"]
[Black "Pisarcik, Richard"]
[Result "1/2-1/2"]
[ECO "A52"]
[WhiteElo "1657"]
[BlackElo "1855"]
[Annotator "NA RC"]
[PlyCount "96"]
[EventDate "2024.02.29"]
[EventType "swiss"]
[EventCountry "SVK"]
[SourceTitle "playchess.com"]
[Source "ChessBase"]
[SourceQuality "1"]
[TimeControl "5400+30"]

1. d4 Nf6 2. c4 e5 3. dxe5 Ng4 4. a3 Nxe5 5. e4 Nbc6 6. f4 Ng6 7. Nf3 a5 8. Be3 d6 9. Nc3 Be7 10. Be2 Bf6 11. Qc2 Bd7 12. O-O O-O 13. Nd5 Re8 14. Nxf6+ Qxf6 15. Nd2 Nd4 16. Bxd4 Qxd4+ 17. Kh1 Re7 18. Bd3 Bc6 19. Rae1 f5 20. Nf3 Qc5 21. exf5 Rxe1 22. Nxe1 Nh4 23. Qf2 Qxf2 24. Rxf2 Re8 25. Nc2 Kf7 26. h3 Be4 27. Bxe4 Rxe4 28. g4 Rxc4 29. Kh2 Nf3+ 30. Kg3 Nd4 31. Ne3 Rc5 32. Rd2 Nb3 33. Rc2 Rxc2 34. Nxc2 Nd2 35. Ne1 b5 36. Kf2 c5 37. Ke2 Nc4 38. Nd3 Nb6 39. Kd2 c4 40. Nc1 Nd5 41. Ne2 Ke7 42. g5 Kf7 43. h4 h6 44. Nc3 Nxf4 45. Nxb5 d5 46. Nd4 hxg5 47. hxg5 g6 48. f6 Nh3 1/2-1/2

[Event "Slovakia Chess Open 2024"]
[Site "Modra"]
[Date "2024.03.05"]
[Round "9.13"]
[White "Smolka, Robert"]
[Black "Chojnacki, Kevin"]
[Result "1-0"]
[ECO "D00"]
[WhiteElo "1620"]
[BlackElo "1672"]
[Annotator "NA RC"]
[PlyCount "154"]
[EventDate "2024.02.29"]
[EventType "swiss"]
[EventCountry "SVK"]
[SourceTitle "playchess.com"]
[Source "ChessBase"]
[SourceQuality "1"]
[TimeControl "5400+30"]

1. e4 d5 2. d4 Nf6 3. e5 Nfd7 4. Nf3 Nb6 5. Be3 Bg4 6. Bd3 e6 7. Nbd2 N8d7 8. c4 dxc4 9. Nxc4 Nxc4 10. Bxc4 Bb4+ 11. Bd2 Bxf3 12. gxf3 Bxd2+ 13. Qxd2 Nb6 14. Bd3 c6 15. Qb4 Qd7 16. Be4 O-O-O 17. O-O-O Kb8 18. Rd3 Nd5 19. Qa4 f5 20. exf6 gxf6 21. f4 Nxf4 22. Rb3 Nd5 23. Rd1 f5 24. Bf3 Rc8 25. Kb1 Rc7 26. Rc1 Rhc8 27. Qa6 Ka8 28. Qa5 Rb8 29. Ra3 b6 30. Qa6 Qc8 31. Qa4 Qb7 32. Qb3 Rbc8 33. Rc4 Qb8 34. Rca4 Rb7 35. Ra6 Qxh2 36. Qa4 Qb8 37. Qb3 Qc7 38. R6a4 Kb8 39. Be2 b5 40. Ra6 Rg8 41. Qd1 Rg7 42. Qc1 Nb4 43. R6a5 Qd6 44. b3 Qxd4 45. Bd1 Qxf2 46. Qc3 Rg1 47. Qe5+ Ka8 48. Qh8+ Rb8 49. Rxa7+ Qxa7 50. Rxa7+ Kxa7 51. Qd4+ Kb7 52. Qxg1 Rc8 53. Qd4 Nd5 54. Bf3 Rc7 55. Kb2 Rf7 56. a4 bxa4 57. bxa4 Rd7 58. Qc4 Nb6 59. Qb4 Kc7 60. a5 Nc8 61. a6 Na7 62. Qb7+ Kd6 63. Qb8+ Ke7 64. Bh5 Kf6 65. Qf8+ Ke5 66. Qc5+ Kf6 67. Qb6 e5 68. Qb7 Ke7 69. Qb8 Nb5 70. Qxe5+ Kd8 71. Qb8+ Ke7 72. Qe8+ Kd6 73. Be2 Nc7 74. Qf8+ Re7 75. a7 Kd7 76. Qxf5+ Kd8 77. Ba6 Na8 1-0

[Event "Slovakia Chess Open 2024"]
[Site "Modra"]
[Date "2024.03.05"]
[Round "9.14"]
[White "Rozboril, Alex"]
[Black "Pikulik, Roman"]
[Result "0-1"]
[ECO "B35"]
[WhiteElo "1563"]
[BlackElo "1675"]
[Annotator "NA RC"]
[PlyCount "46"]
[EventDate "2024.02.29"]
[EventType "swiss"]
[EventCountry "SVK"]
[SourceTitle "playchess.com"]
[Source "ChessBase"]
[SourceQuality "1"]
[TimeControl "5400+30"]

1. e4 c5 2. Nf3 Nc6 3. d4 cxd4 4. Nxd4 g6 5. Nc3 Bg7 6. Be3 Nf6 7. Bc4 O-O 8. O-O Nxe4 9. Nxe4 d5 10. Nxc6 bxc6 11. Nd2 dxc4 12. Nxc4 Ba6 13. Qd3 Qd5 14. b3 Qxd3 15. cxd3 Bxa1 16. Rxa1 Bxc4 17. bxc4 e6 18. d4 Rfb8 19. c5 Rb7 20. Bf4 a5 21. a4 Rb4 22. Be5 Rd8 23. Bd6 Rxd4 0-1

[Event "Slovakia Chess Open 2024"]
[Site "Modra"]
[Date "2024.03.05"]
[Round "9.15"]
[White "Banas, Samuel"]
[Black "Hanzel, Richard"]
[Result "1-0"]
[ECO "B13"]
[WhiteElo "1733"]
[BlackElo "1531"]
[Annotator "NA RC"]
[PlyCount "75"]
[EventDate "2024.02.29"]
[EventType "swiss"]
[EventCountry "SVK"]
[SourceTitle "playchess.com"]
[Source "ChessBase"]
[SourceQuality "1"]
[TimeControl "5400+30"]

1. e4 c6 2. d4 d5 3. exd5 cxd5 4. Bd3 Nc6 5. c3 Nf6 6. h3 e5 7. dxe5 Nxe5 8. Bf4 Nxd3+ 9. Qxd3 Be6 10. Nf3 Bd6 11. Bg5 h6 12. Bh4 Be7 13. O-O O-O 14. Nbd2 Qd7 15. Nd4 Rae8 16. Rfe1 Nh7 17. Bxe7 Rxe7 18. Re3 Rfe8 19. Rae1 a6 20. Qe2 Nf6 21. N2b3 Qc8 22. f4 Ne4 23. c4 Qxc4 24. Qxc4 dxc4 25. Rxe4 cxb3 26. f5 Bxf5 27. Rxe7 Rxe7 28. Rxe7 bxa2 29. Re1 Bb1 30. Nb3 a5 31. Na1 b5 32. Re5 Bd3 33. Kf2 a4 34. Ke3 Bc4 35. Kd2 f6 36. Rc5 Kh7 37. Kc3 Kg6 38. Rxc4 1-0

[Event "Slovakia Chess Open 2024"]
[Site "Modra"]
[Date "2024.03.05"]
[Round "9.16"]
[White "Mruskovic, Ondrej"]
[Black "Veres, Alex"]
[Result "1/2-1/2"]
[ECO "C01"]
[WhiteElo "1510"]
[BlackElo "1584"]
[Annotator "NA"]
[PlyCount "48"]
[EventDate "2024.02.29"]
[EventType "swiss"]
[EventCountry "SVK"]
[SourceTitle "playchess.com"]
[Source "ChessBase"]
[SourceQuality "1"]
[TimeControl "5400+30"]

1. e4 e6 2. d4 d5 3. exd5 exd5 4. Nf3 Nf6 5. Nc3 c6 6. h3 Bf5 7. Bd3 Bxd3 8. Qxd3 Bb4 9. Bg5 O-O 10. O-O h6 11. Bh4 Nbd7 12. a3 Bd6 13. Rfe1 Qb6 14. b4 Qc7 15. Rac1 Rfe8 16. Ne2 b5 17. Bg3 Ne4 18. Bxd6 Nxd6 19. Nd2 Re7 20. Ng3 Rae8 21. Kf1 Nf6 22. Qc3 g6 23. Rxe7 Rxe7 24. Re1 Nc4 1/2-1/2

[Event "Slovakia Chess Open 2024"]
[Site "Modra"]
[Date "2024.03.05"]
[Round "9.17"]
[White "Gecik Jergus"]
[Black "Zentko, Ladislav"]
[Result "0-1"]
[ECO "C50"]
[WhiteElo "1000"]
[BlackElo "1749"]
[Annotator "NA RC"]
[PlyCount "77"]
[EventDate "2024.02.29"]
[EventType "swiss"]
[EventCountry "SVK"]
[SourceTitle "playchess.com"]
[Source "ChessBase"]
[SourceQuality "1"]
[TimeControl "5400+30"]

1. e4 e5 2. Nf3 Nc6 3. Nc3 Bc5 4. Bc4 d6 5. d3 Nf6 6. O-O O-O 7. Bg5 h6 8. Bh4 Ne7 9. Nd5 Nexd5 10. Bxd5 c6 11. Bc4 Qe7 12. c3 Be6 13. d4 Bxc4 14. Re1 Bb6 15. b3 Ba6 16. d5 cxd5 17. exd5 Bb5 18. a4 Bd7 19. Re4 g5 20. Rb4 Rab8 21. Nxg5 Nxd5 22. Qxd5 hxg5 23. Bg3 Be6 24. Qe4 f5 25. Qd3 Kg7 26. a5 Bc5 27. Rba4 a6 28. b4 Ba7 29. Re1 f4 30. Bxf4 Rxf4 31. Re2 Rbf8 32. Kf1 Bxf2 33. Rxf2 Rxf2+ 34. Ke1 R8f6 35. Qe2 Rxe2+ 36. Kxe2 Bg4+ 37. Ke3 Qd7 38. Kd3 Qxa4 39. Kc4 0-1